Map: [ESL] Oceanborn

Players

Wayne - Winner!

  • Race: Zerg Zerg
  • Spawn Location: 11:00

Lambo

  • Race: Zerg Zerg
  • Spawn Location: 5:00

Event: ESL SC2 Masters 2023 Winter (Regional)

VOD

Have the link to the VOD?

Description

Time

  • Played on: Nov. 11, 2023, 8:14 a.m.
  • Length: 11:25

All games in this series

Show
View Real Time Build Order
Export as new Build Order

Wayne Zerg - Winner!

Build Orders: Hatch First 

Get SALT Encoding   

  12  0:00  Drone  
  13  0:12  Overlord  
  13  0:16  Drone  
  14  0:30  Drone x2  
  16  0:47  Hatchery  
  15  0:50  Drone  
  15  0:54  Drone  
  17  0:57  Drone  
  18  1:08  Extractor  
  17  1:12  Spawning Pool  
  17  1:15  Drone  
  17  1:18  Drone  
  18  1:28  Drone  
  19  1:38  Drone  
  20  1:50  Drone  
  21  1:58  Queen x2  
  21  1:59  Zergling x2  
  21  2:00  Overlord  
  26  2:09  Drone  
  26  2:10  Drone  
  26  2:11  Metabolic Boost  
  28  2:21  Zergling x2  
  28  2:22  Drone  
  30  2:31  Hatchery  
  30  2:33  Zergling x2  
  30  2:38  Drone  
  30  2:44  Baneling Nest  
  30  2:45  Drone  
  30  2:47  Drone  
  32  2:54  Overlord  
  32  2:55  Drone  
  33  3:06  Drone  
  33  3:07  Drone x2  
  36  3:13  Drone  
  36  3:14  Zergling x4  
  36  3:16  Drone  
  36  3:17  Overlord  
  40  3:20  Drone  
  40  3:24  Drone, Queen  
  44  3:36  Drone x2  
  44  3:38  Drone  
  47  3:42  Drone  
  47  3:45  Extractor  
  47  3:46  Roach Warren  
  47  3:48  Drone x5  
  50  3:52  Overlord  
  50  3:54  Drone  
  51  4:02  Drone x2  
  53  4:06  Extractor  
  52  4:12  Drone x4  
  56  4:19  Evolution Chamber  
  56  4:20  Lair  
  56  4:21  Drone  
  55  4:25  Overlord  
  55  4:29  Roach x5  
  65  4:34  Overlord  
  65  4:37  Overlord  
  65  4:40  Overlord  
  65  4:41  Baneling  
  65  4:44  Overlord  
  65  4:45  Drone x3  
  68  4:47  Extractor  
  68  4:48  Zerg Missile Weapons Level 1  
  68  4:50  Drone  
  68  4:56  Drone x2  
  68  4:57  Drone x2  
  72  5:02  Drone x4  
  72  5:06  Drone x3  
  79  5:10  Drone  
  79  5:11  Drone  
  79  5:14  Drone  
  82  5:16  Extractor  
  82  5:18  Extractor  
  82  5:19  Glial Reconstitution  
  82  5:20  Spire  
  79  5:21  Drone x2  
  79  5:22  Drone  
  79  5:26  Drone x2  
  79  5:27  Drone  
  85  5:30  Drone  
  86  5:42  Roach x4, Hatchery  
  93  5:47  Overseer  
  93  5:48  Roach x3  
  99  5:52  Overlord  
  99  5:53  Overlord  
  99  5:59  Roach x3  
  99  6:03  Overlord  
  99  6:04  Overlord  
  105  6:13  Roach x7  
  119  6:20  Overlord  
  119  6:26  Roach x7  
  133  6:35  Mutalisk x3  
  136  6:45  Mutalisk x3  
  140  6:49  Roach x3  
  140  6:54  Roach x5  
  146  7:00  Overlord  
  146  7:01  Zerg Missile Weapons Level 2  
  146  7:05  Drone x4  
  146  7:06  Overlord  
  150  7:10  Roach  
  150  7:11  Overlord  
  150  7:15  Centrifugal Hooks  
  152  7:16  Overlord  
  150  7:26  Extractor  
  150  7:27  Roach x8  
  157  7:34  Roach x5  
  165  7:38  Roach x2  
  165  7:43  Roach x3  
  175  7:50  Zergling x8  
  179  7:53  Overlord  
  179  7:57  Overlord  
  179  8:04  Overlord  
  179  8:08  Zergling x2, Overlord  
  179  8:09  Zergling x8  
  179  8:11  Overlord x2  
  184  8:15  Baneling x8  
  184  8:16  Zergling x10  
  189  8:22  Overlord  
  189  8:24  Overlord  
  189  8:28  Baneling  
  189  8:29  Baneling x9  
  189  8:32  Zergling x8  
  193  8:34  Baneling x5  
  193  8:35  Baneling x2  
  193  8:36  Baneling  
  193  8:37  Baneling x2  
  193  8:41  Zergling x6  
  196  8:46  Zergling x8  
  198  8:57  Baneling x2  
  198  8:59  Baneling x6  
  198  9:02  Baneling x6  
  200  9:10  Roach  
  152  9:27  Roach x3  
  152  9:28  Roach x7  
  165  9:36  Roach x7  
  167  9:40  Roach x4  
  167  9:42  Ravager x2  
  167  9:43  Ravager  
  167  9:44  Ravager  
  179  9:47  Roach x6  
  182  9:54  Roach  
  182  9:59  Roach x5  
  176  10:01  Overseer  
  176  10:03  Ravager x2  
  176  10:04  Roach x2  
  182  10:09  Roach x4  
  182  10:10  Ravager x2  
  182  10:11  Pneumatized Carapace  
  190  10:18  Roach x2  
  178  10:22  Roach x3  
  178  10:26  Roach x5  
  188  10:29  Ravager  
  188  10:30  Infestation Pit  
  188  10:34  Roach x4  
  196  10:43  Roach x2  
  198  11:01  Hydralisk Den  
Show
View Real Time Build Order
Export as new Build Order

Lambo Zerg 

Build Orders: Hatch First 

Get SALT Encoding   

  12  0:00  Drone  
  13  0:12  Overlord  
  13  0:17  Drone  
  14  0:30  Drone x2  
  16  0:47  Hatchery  
  15  0:50  Drone  
  15  0:54  Drone  
  18  0:57  Drone  
  18  1:08  Extractor  
  17  1:12  Spawning Pool  
  17  1:15  Drone  
  18  1:18  Drone  
  18  1:28  Drone  
  19  1:38  Drone  
  20  1:49  Drone  
  21  1:59  Zergling x2, Queen x2  
  21  2:00  Overlord  
  26  2:08  Metabolic Boost  
  26  2:10  Drone  
  26  2:11  Drone  
  28  2:20  Drone  
  28  2:21  Drone  
  30  2:31  Drone  
  30  2:35  Zergling x2  
  32  2:37  Hatchery  
  32  2:41  Drone  
  32  2:46  Baneling Nest  
  32  2:49  Overlord  
  31  2:52  Drone  
  31  2:56  Drone  
  33  3:04  Zergling x2, Drone  
  35  3:07  Drone x3  
  35  3:08  Zergling x2  
  35  3:10  Zergling x2  
  40  3:14  Drone  
  40  3:16  Drone  
  42  3:21  Overlord  
  42  3:24  Queen  
  44  3:30  Baneling  
  44  3:31  Roach Warren  
  44  3:34  Drone  
  44  3:38  Extractor  
  44  3:40  Drone x3  
  46  3:42  Drone x2  
  46  3:47  Drone x2  
  50  3:50  Drone x2  
  50  3:53  Drone  
  50  3:55  Overlord  
  53  3:58  Drone  
  54  4:05  Drone  
  54  4:06  Drone x2  
  57  4:11  Overlord  
  57  4:13  Roach x3  
  57  4:15  Roach  
  65  4:24  Overlord  
  65  4:27  Overlord  
  67  4:31  Drone x4  
  67  4:32  Lair  
  67  4:35  Extractor  
  67  4:36  Drone x2  
  70  4:40  Drone x3  
  70  4:44  Drone x4  
  77  4:47  Drone x2  
  77  4:50  Drone x2, Extractor  
  80  4:55  Drone x2  
  82  5:00  Evolution Chamber, Overlord  
  82  5:02  Overlord  
  82  5:04  Drone  
  82  5:06  Pneumatized Carapace  
  82  5:08  Drone  
  82  5:10  Extractor x2  
  82  5:13  Drone  
  82  5:16  Drone  
  82  5:17  Drone x3  
  82  5:19  Overlord  
  85  5:21  Drone x2  
  85  5:23  Roach  
  85  5:24  Roach x3  
  95  5:33  Zerg Missile Weapons Level 1, Glial Reconstitution  
  95  5:36  Hatchery  
  95  5:38  Overseer  
  95  5:39  Overlord  
  94  5:43  Roach x3  
  94  5:46  Overlord  
  94  5:49  Roach x2  
  103  5:56  Overlord, Evolution Chamber  
  102  5:59  Roach x4  
  102  6:01  Overlord  
  110  6:07  Drone x2  
  110  6:08  Hydralisk Den  
  110  6:11  Roach x3  
  117  6:19  Roach x2  
  117  6:21  Drone x3  
  117  6:23  Zerg Ground Armor Level 1  
  117  6:25  Overlord  
  124  6:30  Drone  
  124  6:31  Drone x2  
  127  6:33  Roach x4  
  135  6:41  Roach x4  
  134  6:49  Roach x3  
  134  6:52  Roach x3  
  134  6:53  Roach x3  
  142  6:56  Roach  
  142  6:58  Hydralisk x2  
  144  7:02  Ravager  
  144  7:03  Ravager x2  
  144  7:04  Hydralisk x2  
  144  7:07  Hydralisk x2  
  155  7:10  Muscular Augments  
  155  7:12  Spore Crawler  
  155  7:13  Spore Crawler  
  155  7:15  Spore Crawler  
  152  7:17  Hydralisk, Spore Crawler  
  153  7:23  Roach Warren  
  153  7:24  Hydralisk  
  153  7:28  Overlord  
  153  7:29  Overlord  
  152  7:34  Overlord  
  152  7:35  Overlord  
  152  7:37  Overlord  
  152  7:41  Overlord  
  152  7:42  Overlord  
  152  7:48  Hydralisk x4  
  160  7:57  Extractor  
  159  8:00  Drone x3  
  159  8:01  Drone x3, Hydralisk  
  159  8:02  Hydralisk x2  
  166  8:11  Roach x4  
  166  8:12  Zerg Missile Weapons Level 2  
  174  8:18  Roach x3  
  180  8:23  Roach x2  
  180  8:27  Overlord, Lurker Den  
  183  8:32  Spore Crawler  
  182  8:34  Spore Crawler  
  182  8:36  Spore Crawler  
  182  8:37  Spore Crawler  
  182  8:39  Spore Crawler  
  178  8:42  Roach x3  
  178  8:46  Drone x3  
  187  8:48  Roach  
  187  8:49  Roach  
  188  9:18  Roach x5  
  188  9:23  Roach x13  
  178  9:29  Roach x2  
  178  9:30  Roach  
  166  9:36  Roach x4  
  158  9:41  Lurker x3  
  159  9:46  Roach  
  159  9:47  Roach x3  
  159  9:51  Roach x2  
  163  9:54  Roach x2  
  151  10:05  Hydralisk x3, Roach  
  151  10:06  Roach  
  161  10:12  Roach x4  
  165  10:18  Roach x3  
  165  10:20  Roach  
  150  10:23  Overlord  
  150  10:24  Hydralisk  
  148  10:30  Hydralisk x2  
  148  10:34  Hydralisk  
  154  10:37  Hydralisk x2  
  154  10:40  Hydralisk  
  160  10:47  Hydralisk  
  160  10:48  Roach x2  
  155  10:57  Roach  
  155  10:58  Roach x3  
  155  11:01  Roach x2  
  149  11:05  Roach  
Tags
 
Add a new tag
Caveats
  • Supply blocks, unpowered buildings, or Contaminate may cause inaccurate times.
  • Supply counts are checked every 10 seconds.